AoeStats
← villameduusa

MegaRandom

508471626Analyzed
2v2 RM · 9d ago on Sep 22, 2026· 45m 21s· 4 players
Game mode
Random Map
Map size
Medium (4 player)
Population
200
Speed
Normal
Resources
Standard
Victory
Conquest
Starting age
Dark Age
Ending age
Imperial Age
RankedLock teamsTeams togetherTeam positionsShared explorationLock speedFull tech treeHidden civsTurbo modeCheats
Victory
Defeat
🇪🇸 Byzantines · Spain
841
+14
🇪🇸 Mongols · Spain
827
+14
🇫🇮 Burgundians · Finland
793
-14
🇫🇮 Vietnamese · Finland
793
-14
chirbe
11:01 Feudal Age
9:17 Loom
14:03 Double-Bit Axe
21:38 Castle Age
19:34 Horse Collar
20:50 Bow Saw
20:34 Stone Mining
20:36 Gold Mining
20:54 Scale Barding Armor
23:06 Forging
24:16 Heavy Plow
25:33 Wheelbarrow
27:42 Cavalier
30:38 Chain Barding Armor
32:14 Fletching
32:59 Ballistics
33:44 Caravan
35:33 Hand Cart
36:28 Iron Casting
38:32 Imperial Age
36:00 Town Watch
40:30 Chemistry
40:22 Hoardings
40:25 Murder Holes
40:28 Bodkin Arrow
39:59 Pikeman
41:17 Scale Mail Armor
41:07 Halberdier
villameduusa
10:12 Feudal Age
8:28 Loom
12:46 Double-Bit Axe
17:22 Horse Collar
21:23 Castle Age
20:33 Fletching
21:09 Forging
21:50 Gold Mining
22:17 Bow Saw
22:42 Pikeman
24:37 Heavy Plow
27:34 Wheelbarrow
26:23 Elite Skirmisher
27:14 Scale Mail Armor
28:11 Bodkin Arrow
30:43 Chain Mail Armor
31:06 Iron Casting
32:10 Stone Mining
32:16 Town Watch
32:47 Hand Cart
36:09 Imperial Age
34:08 Squires
35:24 Hand Cart
36:43 Halberdier
38:54 Chain Mail Armor
41:03 Chemistry
45:17 Bracer
45:23 Padded Archer Armor
navapego
10:35 Feudal Age
19:25 Castle Age
20:39 Double-Bit Axe
20:36 Horse Collar
21:53 Husbandry
27:09 Scale Barding Armor
31:02 Wheelbarrow
30:56 Gold Mining
31:29 Loom
35:48 Imperial Age
35:11 Gold Shaft Mining
34:57 Hand Cart
36:59 Conscription
38:35 Stone Mining
40:16 Chemistry
39:12 Treadmill Crane
39:43 Fortified Wall
39:31 Murder Holes
Davinxi
10:44 Feudal Age
15:02 Castle Age
13:37 Double-Bit Axe
14:45 Horse Collar
20:05 Bow Saw
21:53 Heavy Plow
22:00 Loom
23:39 Wheelbarrow
24:36 Gold Mining
24:38 Stone Mining
24:39 Light Cavalry
25:30 Bloodlines
26:01 Husbandry
26:09 Scale Barding Armor
26:51 Hand Cart
31:13 Chain Barding Armor
31:04 Forging
35:22 Imperial Age
33:37 Iron Casting
35:34 Capped Ram
35:39 Heavy Camel Rider
36:54 Siege Ram
41:41 Drill
43:48 Blast Furnace
Connection lost

Rejoining the realm…

Still unreachable

The connection could not be restored.

Session expired

The server has moved on; the page needs a fresh start.